 Dungeon Crawl Stone Soup version 0.26.1-10-gdfb7c7de75 (webtiles) character file.

Game seed: 11933336897924114363

126 Gabide the Purveyor of Pain (level 4, -3/30 HPs)
             Began as a Mummy Necromancer on Apr 9, 2021.
             Was an Initiate of Kikubaaqudgha.
             Killed from afar by an orc wizard (12 damage)
             ... with a puff of flame
             ... on level 3 of the Dungeon.
             The game lasted 00:06:49 (3630 turns).

Gabide the Purveyor of Pain (Mummy Necromancer)     Turns: 3630, Time: 00:06:49

Health: -3/30      AC:  4    Str: 11    XL:     4   Next: 83%
Magic:  0/10       EV: 12    Int: 15    God:    Kikubaaqudgha [......]
Gold:   179        SH:  0    Dex: 12    Spells: 10/11 levels left

rFire    x . .     SeeInvis .   (no weapon)
rCold    + . .     Faith    .   (no shield)
rNeg     + + +     Spirit   .   a - +0 robe
rPois    ∞         Reflect  .   (no helmet)
rElec    .         Harm     .   (no cloak)
rCorr    .         Rampage  .   e - +0 pair of gloves
Will     .....                  b - +0 pair of boots
Stlth    +.........             (no amulet)
HPRegen  0.10/turn              (no ring)
MPRegen  0.12/turn              (no ring)

@: confused
A: no potions, fire vulnerability, cold resistance 1, negative energy resistance
3, torment resistance, unbreathing
a: Renounce Religion


You were on level 3 of the Dungeon.
You worshipped Kikubaaqudgha.
Kikubaaqudgha was noncommittal.
You visited 1 branch of the dungeon, and saw 3 of its levels.

You collected 179 gold pieces.

Inventory:

Armour
 a - a +0 robe (worn)
 b - a +0 pair of boots (worn)
 e - a +0 pair of gloves (worn)
Scrolls
 c - a scroll of fog
 d - a scroll of magic mapping


   Skills:
 + Level 0.2 Fighting
 + Level 2.0 Dodging
 + Level 1.5 Stealth
 + Level 4.0 Spellcasting
 * Level 5.4 Necromancy


You had 10 spell levels left.
You knew the following spells:

 Your Spells              Type           Power        Failure   Level
a - Pain                  Necr           76%          1%          1

Your spell library contained the following spells:

 Spells                   Type           Power        Failure   Level
 Animate Skeleton         Necr           38%          1%          1
 Vampiric Draining        Necr           9%           6%          3
 Animate Dead             Necr           9%           19%         4
 Agony                    Necr           19%          47%         5


Dungeon Overview and Level Annotations

Branches:
Dungeon (3/15)

Altars:
Elyvilon
Kikubaaqudgha


Innate Abilities, Weirdness & Mutations

You do not drink.
Your flesh is vulnerable to fire.
You are immune to poison.
Your flesh is cold resistant. (rC+)
You are immune to negative energy. (rN+++)
You are immune to unholy pain and torment.
You can survive without breathing.


Message History

Press: ? - help, Shift-Dir - straight line, f/p - orc
Aim: an orc, wielding a +0 trident (heavily wounded, chance to affect: 89%)
Something writhes in agony.
You hear some strange, mumbled words.
Something tries to affect you, but you resist.
Casting: Pain (safe; 1% risk of failure)
Confirm with . or Enter, or press ? or * to list all spells.
Aiming: Pain (safe; 1% risk of failure)
Press: ? - help, Shift-Dir - straight line, f/p - orc
Aim: an orc, wielding a +0 trident (heavily wounded, chance to affect: 89%)
Something writhes in agony.
You hear some strange, mumbled words.
You are confused.
The orc barely misses you.
Unknown command.
You hear some strange, mumbled words.
A puff of flame appears from out of thin air!
The puff of flame hits you! The fire burns you terribly!
You die...
Kikubaaqudgha rasps: "You have failed me!
Welcome... oblivion!"

#.. ..........
#.####.........
#..[.#.........
#.##.#.........
#.##...........
#o##.o.........
#.###..)######
#.####..# #.. #.o{.@.(#
#.# ######(## #.# ##'##
#.# ##...## #.####
##.....## #.##.##
##.......#
####.#...####.......>.#
.....)...<..'.........+
#........####.........#


You could see an orc.

Vanquished Creatures
  4 gnolls (D:3)
  2 oozes
  2 worms (D:2)
  2 dart slugs
  2 leopard geckos (D:3)
  2 orcs (D:3)
  3 giant cockroaches
  9 goblins
  10 hobgoblins
  A quokka (D:2)
  9 bats
  5 frilled lizards
  5 kobolds
  8 rats
64 creatures vanquished.

Notes
Turn   | Place    | Note
-------+----------+-------------------------------------------
     0 | D:1      | Gabide the Mummy Necromancer began the quest for the Orb.
     0 | D:1      | Reached XP level 1. HP: 13/13 MP: 4/4
   356 | D:1      | Reached XP level 2. HP: 16/19 MP: 1/5
  1025 | D:2      | Reached XP level 3. HP: 24/24 MP: 3/7
  1978 | D:2      | Found a white marble altar of Elyvilon.
  2591 | D:3      | Found an ancient bone altar of Kikubaaqudgha.
  2599 | D:3      | Became a worshipper of Kikubaaqudgha
  2652 | D:3      | Reached skill level 5 in Necromancy
  2652 | D:3      | Reached XP level 4. HP: 30/30 MP: 1/9
  3630 | D:3      | Killed from afar by an orc wizard

Illustrated notes

Levels and vault maps discovered:
D:1:      shiori_arrival_maze, layout_rooms
D:2:      layout_basic, marbit_many_paths, grunt_ministairs_13, chequers_jeans
D:3:      layout_loops_corners, lemuel_round_altar, amethyst_killhole,
          minmay_cupped, uniq_terence

Skill      XL: |  1  2  3  4 |
---------------+-------------+-----
Spellcasting   | 3 4 |  4.0
Necromancy     | 5 |  5.4
Dodging        | 2 |  2.0
Fighting       | |  0.2
Stealth        | |  1.5

Action                   |  1- 3 |  4- 6 || total
-------------------------+-------+-------++-------
Melee: Unarmed           |    27 |     8 ||    35
 Cast: Pain              |    93 |    55 ||   148
  Use: Scroll            |     2 |     3 ||     5
Armor: Robe              |     5 |     3 ||     8
Dodge: Dodged            |    21 |    22 ||    43
